 Dungeon Crawl Stone Soup version 0.30-a0-802-gb92711bcdf (webtiles) character file.

Game seed: 14792726614269734278

4 Pimp the Firebug (level 1, 0/11 HPs)
             Began as an Octopode Fire Elementalist on Feb 25, 2023.
             Slain by a giant cockroach (1 damage)
             ... on level 1 of the Dungeon.
             The game lasted 00:00:37 (76 turns).

Pimp the Firebug (Octopode Fire Elementalist)         Turns: 76, Time: 00:00:37

Health: 0/11       AC:  1    Str:  7    XL:     1   Next: 70%
Magic:  2/3        EV: 13    Int: 17    God:
Gold:   13         SH:  0    Dex: 12    Spells: 3/4 levels left

rFire   . . .      SeeInvis .    c - +0 dagger
rCold   . . .      Faith    .    (no shield)
rNeg    . . .      Spirit   .    (helmet restricted)
rPois   .          Reflect  .    (no amulet)
rElec   .          Harm     .    (no ring)
rCorr   .          Rampage  .    (no ring)
Will    .....                    (no ring)
Stlth   +++                      (no ring)
HPRegen 0.21/turn                (no ring)
MPRegen 0.08/turn                (no ring)
                                 (no ring)
                                 (no ring)

@: very slightly contaminated
A: almost no armour, amphibious, 8 rings, camouflage 1, gelatinous body 1,
(nimble swimmer 1), tentacles
a: no special abilities


You were on level 1 of the Dungeon.
You visited 1 branch of the dungeon, and saw 1 of its levels.

You collected 13 gold pieces.

Inventory:

Hand Weapons
 c - a +0 dagger (weapon)
Potions
 a - a potion of magic
 b - 2 potions of invisibility {unknown}


   Skills:
 + Level 2.1 Dodging
 + Level 2.8 Stealth
 + Level 2.0 Spellcasting
 + Level 1.1 Conjurations
 + Level 3.0 Fire Magic


You had 3 spell levels left.
You knew the following spells:

 Your Spells              Type           Power      Damage    Failure   Level
a - Foxfire               Conj/Fire      32%        2x1d5     9%          1

Your spell library contained the following spells:

 Spells                   Type           Power      Damage    Failure   Level
 Scorch                   Fire           24%        2d6       9%          2
 Inner Flame              Hex/Fire       6%         N/A       30%         3
 Kindle Blastsparks       Fire/Tloc/Air  10%        2d10      36%         3
 Flame Wave               Conj/Fire      8%         2d5       63%         4


Dungeon Overview and Level Annotations

Branches:
Dungeon (1/15)

Altars:


Innate Abilities, Weirdness & Mutations

You cannot wear most types of armour.
You are amphibious.
You can wear up to eight rings at the same time.
Your skin changes colour to match your surroundings (Stealth+).
Your rubbery body absorbs attacks. (AC +1, EV +1)
((You are camouflaged when in or above water. (Stealth+)))
You have tentacles for arms and can constrict up to eight enemies at once.


Message History

You kill the bat!
c - a +0 dagger (weapon)
You now have 13 gold pieces.
A frilled lizard and an endoplasm come into view.
Found 5 gold pieces.
You see here 5 gold pieces.
A giant cockroach comes into view.
A giant cockroach comes into view.
The endoplasm quivers.
The endoplasm closely misses you.
You barely miss the endoplasm. Your squeeze misses the endoplasm.
The endoplasm freezes you.
You are frozen.
The endoplasm freezes you.
You are frozen.
Found a stone staircase leading down.
The endoplasm hits you. The endoplasm attacks as you move away!
The endoplasm hits you. The giant cockroach barely misses you.
You hit the giant cockroach. Your grab misses the giant cockroach.
You squeeze the giant cockroach.
You kill the giant cockroach!
The frilled lizard completely misses you.
The endoplasm hits you but does no damage.
The giant cockroach barely misses you.
The frilled lizard attacks as you move away!
The frilled lizard barely misses you. The endoplasm barely misses you.
The giant cockroach bites you. The giant cockroach bites you.
* * * LOW HITPOINT WARNING * * *
Casting: Foxfire (safe; 9% risk of failure)
Confirm with . or Enter, or press ? or * to list all spells.
You miscast Foxfire.
You are very lightly contaminated with residual magic.
Nothing appears to happen.
The frilled lizard misses you. The giant cockroach bites you.
* * * LOW HITPOINT WARNING * * *
Unknown command.
The giant cockroach attacks as you move away!
The giant cockroach bites you.
You die...

#.#######
.........# ..
#####@# ...#...Bl#
......#J.########.
..##..............
..................
#.#...†....#######
......####.#
...... #$# ......#
#.#


You could see an endoplasm, a giant cockroach and a frilled lizard.

Vanquished Creatures
  A bat (D:1)
  A giant cockroach (D:1)
  A hobgoblin (D:1)
  A goblin (D:1)
4 creatures vanquished.

Notes
Turn   | Place    | Note
-------+----------+-------------------------------------------
     0 | D:1      | Pimp the Octopode Fire Elementalist began the quest for the
                  | Orb.
     0 | D:1      | Reached XP level 1. HP: 11/11 MP: 3/3
    76 | D:1      | Slain by a giant cockroach

Illustrated notes

Levels and vault maps discovered:
D:1:      psy_arrival_statuary, layout_basic,
          hellmonk_ecumenical_altar_prayer_group

Action                     || total
---------------------------++-------
  Melee: Unarmed           ||     7
         Constrict         ||     4
         Tentacles         ||     3
         Dagger            ||     2
 Armour: Skin              ||     7
  Dodge: Dodged            ||    24

Table legend: (Time is in decaauts)
 A = Elapsed time spent in this place.
 B = Non-inter-level travel time spent in this place.
 C = Inter-level travel time spent in this place.
 D = Time resting spent in this place.
 E = Time spent auto-exploring this place.
 F = Levels seen in this place.
 G = Mean time per level.
                   A        B        C        D        E       F      G
               +--------+--------+--------+--------+--------+-----+--------+
         Total |     75 |     75 |      0 |      0 |     28 |   1 |   75.0 |
       Dungeon |     75 |     75 |      0 |      0 |     28 |   1 |   75.0 |
               +--------+--------+--------+--------+--------+-----+--------+

Top non-repeatable levels by time:
     D:1: 75 daAuts
